 Dungeon Crawl Stone Soup version 0.32-a0-38-gb04dd89b9b (webtiles) character file.

Game seed: 7075359355657684225

10281 p00ps00p the Cleaver (level 11, -2/101 HPs)
             Began as a Hill Orc Fighter on Jan 24, 2024.
             Incinerated by a deep elf pyromancer (16 damage)
             ... with a pyre arrow
             ... on level 15 of the Dungeon.
             The game lasted 00:16:31 (8147 turns).

p00ps00p the Cleaver (Hill Orc Fighter)             Turns: 8147, Time: 00:16:32

Health: -2/101     AC: 17    Str: 24    XL:     11   Next: 59%
Magic:  11/11      EV: 12    Int:  8    God:
Gold:   501        SH: 13    Dex: 10    Spells: 10/10 levels left

rFire   . . .        q - +5 war axe of Bodily Harmony {drain, rC+}
rCold   + . .        A - +3 kite shield
rNeg    . . .        h - +0 chain mail
rPois   .            o - +1 helmet of the Baker {Slay+2}
rElec   .            (no cloak)
rCorr   +            x - +0 pair of gloves
SInv    +            y - +2 pair of slick slippers {slick, slippery, EV+4}
Will    .....        (no amulet)
Stlth   +            i - ring of see invisible
HPRegen 0.36/turn    F - ring of resist corrosion
MPRegen 0.12/turn

%: no passive effects
@: on fire, glowing
A: no striking features
a: no special abilities


You were on level 15 of the Dungeon.
You visited 2 branches of the dungeon, and saw 16 of its levels.
You also visited: Sewer.

You collected 501 gold pieces.

Inventory:

Hand Weapons
 a - a +1 war axe
 q - the +5 war axe of Bodily Harmony (weapon) {drain, rC+}
   (You found it on level 4 of the Dungeon)

   rC+:       It protects you from cold.
Missiles
 v - 4 atropa-tipped darts (quivered)
Armour
 b - a +0 scale mail
 c - a +0 buckler
 h - a +0 chain mail (worn)
 l - a +1 helmet of intelligence
 o - the +1 helmet of the Baker (worn) {Slay+2}
   (You acquired it in a sewer)

   Slay+2:    It affects your accuracy & damage with ranged weapons and melee
   (+2).
 x - a +0 pair of gloves (worn)
 y - the +2 pair of slick slippers (worn) {slick, slippery, EV+4}
   (You acquired it on level 7 of the Dungeon)

   Slick:     Its wearer cannot be constricted, engulfed, netted or webbed.
   Slippery:  Its wearer slips away from damaging melee attacks, pulling the
   attacker onward.
   EV+4:      It affects your evasion (+4).
 A - a +3 kite shield (worn)
Jewellery
 i - a ring of see invisible (left hand)
 w - a ring of ice
 B - a +6 ring of intelligence
 F - a ring of resist corrosion (right hand)
Wands
 p - a wand of flame (8)
 r - a wand of polymorph (15)
Scrolls
 e - 4 scrolls of teleportation
 t - a scroll of vulnerability
 C - a scroll of fog
 E - a scroll of immolation
Potions
 f - a potion of haste {unknown}
 g - 2 potions of ambrosia
 j - 2 potions of attraction
 m - 2 potions of magic {unknown}
 n - a potion of lignification {unknown}
 s - 3 potions of brilliance {unknown}
 G - 2 potions of curing {unknown}
 I - a potion of mutation {unknown}


   Skills:
 + Level 10.3 Fighting
 + Level 10.9 Axes
 + Level 9.4 Armour
 + Level 7.3 Stealth
 + Level 9.4 Shields


You had 10 spell levels left.
You didn't know any spells.
Your spell library contained the following spells:

 Spells                   Type           Power      Damage    Failure   Level
 Kiss of Death            Conj/Necr      0%         2d5       98%         1
 Shock                    Conj/Air       0%         1d3       98%         1
 Slow                     Hex            0%         N/A       98%         1
 Sting                    Conj/Alch      0%         1d3       98%         1
 Mercury Vapours          Alch/Air       0%         N/A       99%         2
 Sublimation of Blood     Necr           0%         N/A       99%         2
 Confusing Touch          Hex            0%         N/A       100%        3
 Hailstorm                Conj/Ice       0%         3d5       100%        3
 Sigil of Binding         Hex            0%         N/A       100%        3
 Summon Ice Beast         Ice/Summ       0%         N/A       100%        3
 Swiftness                Air            0%         N/A       100%        3
 Vampiric Draining        Necr           0%         2d6       100%        3
 Airstrike                Air            0%         2d(0-16)  100%        4
 Dispel Undead            Necr           0%         3d6       100%        4
 Olgreb's Toxic Radiance  Alch           0%         N/A       100%        4
 Petrify                  Alch/Erth      0%         N/A       100%        4
 Irradiate                Conj/Alch      0%         3d11      100%        5
 Sculpt Simulacrum        Ice/Alch       0%         N/A       100%        6
 Malign Gateway           Summ/Tloc      0%         N/A       100%        7
 Summon Horrible Things   Summ           0%         N/A       100%        8


Dungeon Overview and Level Annotations

Branches:
Dungeon (15/15)            Temple (1/1) D:7           Sewer (visited)
   Lair: D:8-11         Orc: D:9-12      Vaults: D:13-14     Depths: D:15

Altars:
Ashenzari
Cheibriados
Dithmenos
Elyvilon
Fedhas
Hepliaklqana
Kikubaaqudgha
Makhleb
Nemelex Xobeh
Okawaru
Qazlal
Ru
Sif Muna
Trog
Uskayaw
Vehumet
Xom
Yredelemnul
Zin
The Shining One

Shops:
D:1 :   D:8 *[*

Portals:
Ice
Cave: D:13

Annotations:
D:6 1 runed translucent door, robth's ghost, novice MiFi
D:10 exclusion: orange crystal statue


Message History

You block the fire elemental's attack.
The deep elf pyromancer casts a spell.
You hit the fire elemental.
You destroy the fire elemental!
The fire elemental disappears in a puff of smoke!
The deep elf pyromancer gestures at you while chanting.
The pyre arrow hits you.
You are covered in intense liquid fire!
You slash the fire elemental!
The fire elemental is moderately damaged.
The liquid fire burns you! The fire elemental misses you.
You slash the fire elemental!
The fire elemental is heavily damaged.
The liquid fire burns you! The fire elemental misses you.
The fire elemental hits you. The fire elemental burns you!
You slip backwards!
You slash the fire elemental!
You destroy the fire elemental!
The fire elemental disappears in a puff of smoke!
The liquid fire burns you!
You shake off some of the fire as you move.
The liquid fire burns you!
* * * LOW HITPOINT WARNING * * *
The deep elf pyromancer hits you but does no damage.
You hit the deep elf pyromancer. You drain the deep elf pyromancer.
The deep elf pyromancer is moderately wounded.
You hit the fire elemental. The liquid fire burns you!
* * * LOW HITPOINT WARNING * * *
The fire elemental hits you. The fire elemental burns you!
* * * LOW HITPOINT WARNING * * *
The deep elf pyromancer hits you with a +1 long sword of holy wrath.
* * * LOW HITPOINT WARNING * * *
You slip backwards!
You closely miss the deep elf pyromancer.
The deep elf pyromancer is moderately wounded.
You slash the fire elemental! The liquid fire burns you!
You die...

#...# #.☼....... #...#
#.E.§..... #...#
#<...○.... #...#
#...E...≈. #...#
#......≈§. #...#
○○.......
##########E○.####........
#........@e..............
#
#.#######################
#.#'## #..<.# +.....#
###...# #...# ....#
.....#


You could see a deep elf pyromancer (drained) and a fire elemental (summoned).

Vanquished Creatures
  2 two-headed ogres
  2 boulder beetles (D:14)
  A centaur warrior (D:14)
  A tengu warrior (D:14)
  2 manticores
  A cyclops (D:14)
  2 rime drakes (D:13)
  An efreet (D:14)
  A tengu conjurer (D:14)
  Sigmund (D:2)
  A wyvern (D:6)
  A vampire (D:13)
  A wraith (D:12)
  A steam dragon (D:10)
  2 vampire mosquitoes (D:12)
  Edmund (D:5)
  An acid dragon (D:8)
  A water moccasin (D:8)
  2 ice beasts
  5 orc warriors
  2 black bears (D:5)
  An ogre (D:5)
  3 boggarts (D:14)
  2 centaurs
  2 phantoms
  A kobold brigand (D:8)
  A bullfrog (D:9)
  2 brain worms (Sewer)
  A gnoll sergeant (D:8)
  3 scorpions
  11 killer bees
  A howler monkey (D:5)
  A bombardier beetle (D:5)
  2 jellies (D:5)
  4 orc priests
  4 hounds (D:5)
  3 sleepcaps
  A gnoll bouda (D:6)
  Ijyb (D:4)
  3 iguanas
  8 orc wizards
  6 adders
  13 gnolls
  A shadow imp (D:4)
  A white imp (D:6)
  2 ufetubi (D:5)
  4 ribbon worms
  3 dart slugs
  29 orcs
  4 endoplasms
  3 giant cockroaches
  10 goblins
  5 hobgoblins
  2 jackals (D:3)
  2 quokkas
  13 ball pythons
  8 bats
  9 frilled lizards
  10 kobolds
  8 rats
220 creatures vanquished.

Vanquished Creatures (others)
  A boggart (D:14)
  4 orcs (D:7)
5 creatures vanquished.

Grand Total: 225 creatures vanquished

Notes
Turn   | Place    | Note
-------+----------+-------------------------------------------
     0 | D:1      | p00ps00p the Hill Orc Fighter began the quest for the Orb.
     0 | D:1      | Reached XP level 1. HP: 19/19 MP: 1/1
   178 | D:1      | Found Jyumana's Book Boutique.
   228 | D:1      | Reached XP level 2. HP: 27/27 MP: 2/2
   353 | D:1      | Reached XP level 3. HP: 29/33 MP: 3/3
   966 | D:2      | Noticed Sigmund
   983 | D:2      | Killed Sigmund
   984 | D:2      | Reached skill level 1 in Stealth
   984 | D:2      | Reached XP level 4. HP: 14/41 MP: 4/4
   984 | D:2      | Reached XP level 5. HP: 16/47 MP: 5/5
  1552 | D:3      | Found a faded altar of an unknown god.
  1618 | D:3      | Reached XP level 6. HP: 51/55 MP: 6/6
  1854 | D:3      | Reached skill level 5 in Fighting
  2013 | D:3      | Found a glowing golden altar of the Shining One.
  2175 | D:4      | Found a glowing drain.
  2195 | Sewer    | Entered a sewer
  2418 | Sewer    | Reached skill level 5 in Axes
  2418 | Sewer    | Reached XP level 7. HP: 42/61 MP: 4/7
  2486 | Sewer    | Identified a scroll of acquirement
  2486 | Sewer    | Acquired the +1 helmet of the Baker {Slay+2}
  2566 | D:4      | Identified the +5 war axe of Bodily Harmony {drain, rC+}
  2603 | D:4      | Found a white marble altar of Elyvilon.
  2603 | D:4      | Found a snail-covered altar of Cheibriados.
  2942 | D:4      | Noticed Ijyb
  2947 | D:4      | Reached skill level 5 in Armour
  2947 | D:4      | Reached skill level 5 in Shields
  2948 | D:4      | Killed Ijyb
  3088 | D:5      | Entered Level 5 of the Dungeon
  3199 | D:5      | Reached XP level 8. HP: 51/70 MP: 8/8
  3546 | D:5      | Found a sacrificial altar of Ru.
  3737 | D:5      | Found a radiant altar of Vehumet.
  3820 | D:5      | Found a hazy altar of Hepliaklqana.
  3821 | D:5      | Found a faded altar of an unknown god.
  3821 | D:5      | Noticed Edmund
  3839 | D:5      | Killed Edmund
  4510 | D:6      | Reached XP level 9. HP: 59/79 MP: 9/9
  4589 | D:6      | Found a runed translucent door.
  4589 | D:6      | Noticed robth's ghost (novice MiFi)
  4859 | D:6      | Found a shimmering altar of Xom.
  5630 | D:7      | Found a stormy altar of Qazlal.
  5631 | D:7      | Noticed a two-headed ogre
  5639 | D:7      | HP: 2/80 [two-headed ogre/+0 giant spiked club (14)]
  5640 | D:7      | Killed a two-headed ogre
  5641 | D:7      | Reached skill level 5 in Stealth
  6071 | D:7      | Acquired the +2 pair of slick slippers {slick, slippery,
                  | EV+4}
  6071 | D:7      | Found the +2 pair of slick slippers {slick, slippery, EV+4}
  6279 | D:7      | Found a hide-covered altar of Uskayaw.
  6279 | D:7      | Found a shimmering blue altar of Sif Muna.
  6376 | D:7      | Found a staircase to the Ecumenical Temple.
  6405 | Temple   | Entered the Ecumenical Temple
  6503 | D:8      | Reached XP level 10. HP: 84/89 MP: 10/10
  6503 | D:8      | Found Igufacae's General Store.
  6717 | D:8      | Found Bocam's General Store.
  6839 | D:8      | Found Hiokhu's Armour Emporium.
  7096 | D:10     | Entered Level 10 of the Dungeon
  7105 | D:10     | Noticed an orange crystal statue
  7106 | D:10     | Noticed a two-headed ogre
  7159 | D:10     | Noticed a two-headed ogre
  7169 | D:10     | Killed a two-headed ogre
  7305 | D:12     | Noticed a manticore
  7323 | D:12     | Killed a manticore
  7592 | D:13     | Found a frozen archway.
  7600 | D:13     | Reached skill level 10 in Axes
  7600 | D:13     | Reached XP level 11. HP: 81/97 MP: 11/11
  7666 | D:14     | Noticed a boulder beetle
  7686 | D:14     | Killed a boulder beetle
  7737 | D:14     | Noticed a centaur warrior
  7743 | D:14     | Noticed a cyclops
  7752 | D:14     | Killed a cyclops
  7756 | D:14     | Killed a centaur warrior
  7757 | D:14     | Noticed a manticore
  7762 | D:14     | Reached skill level 10 in Fighting
  7763 | D:14     | Noticed a tengu warrior
  7766 | D:14     | Killed a manticore
  7776 | D:14     | Noticed a boulder beetle
  7789 | D:14     | Killed a tengu warrior
  7799 | D:14     | Killed a boulder beetle
  7944 | D:14     | Noticed a tengu warrior
  7945 | D:14     | Noticed a deep elf pyromancer
  7946 | D:14     | Noticed a centaur warrior
  7947 | D:14     | Noticed a fire dragon
  7948 | D:14     | Noticed a white ugly thing
  7948 | D:14     | Noticed a white ugly thing
  7948 | D:14     | Noticed a white ugly thing
  7948 | D:14     | Noticed a white ugly thing
  7948 | D:14     | Noticed a white ugly thing
  7948 | D:14     | Noticed a white ugly thing
  7954 | D:14     | Noticed a tengu warrior
  8104 | D:15     | Entered Level 15 of the Dungeon
  8124 | D:15     | Noticed a deep elf pyromancer
  8147 | D:15     | Incinerated by a deep elf pyromancer

Illustrated notes

Levels and vault maps discovered:
D:1:      dpeg_arrival_solitude, layout_basic, serial_shops,
          nicolae_shop_getting_attention
D:2:      layout_loops_ring, serial_forest, infiniplex_forest_clump_C,
          infiniplex_forest_straight_3, infiniplex_forest_lined_1,
          infiniplex_forest_corner_1, infiniplex_forest_clump_small,
          infiniplex_forest_corner_2, infiniplex_forest_pool, uniq_sigmund
D:3:      layout_loops_ring, nicolae_tso_swordbearing_angel,
          nicolae_ecumenical_snake_handling, uniq_crazy_yiuf_cottage
D:4:      layout_basic, gammafunk_temple_overflow_pools,
          cheibrodos_sewer_entry_drain, kennysheep_donut, uniq_ijyb
D:5:      layout_loops_corners, beargit_hepliaklqana_dungeon_heroes,
          mainiacjoe_overflow_swirl, hangedman_decor_slide_cut, st_stairs_7,
          nicolae_figureground_pulse
D:6:      layout_basic, xom_teletrap_fun, hellmonk_ghost_happy_afterlife
D:7:      layout_loops_ring, nicolae_overflow_crystal_walls,
          gammafunk_temple_overflow_elements, lemuel_temple_firewalk_b,
          minmay_curled_crystal
D:8:      layout_cave_pods, serial_shops, nicolae_shop_statue_plus,
          nicolae_shop_overgrown_old_shop, shop, nicolae_take_the_stairs, shop,
          kennysheep_nub, minmay_splitting_lines, uniq_maurice
D:9:      layout_basic, nzn_wu_jian_contemplation, mainiacjoe_overflow_brackets,
          lair_entry_dummy, gammafunk_ghost_nasty_kobolds, serial_bayou_lake_a
D:10:     nicolae_cairo_tiling_large_dashed, layout_stronghold, enter_trove_6,
          disabler_island
D:11:     layout_loops_cross, serial_shops, kennysheep_mini_moat
D:12:     layout_loops_ring, roadster_trireme
D:13:     layout_basic, hangedman_vaults_entry_quadrant_bands,
          portal_ice_cave_rime, minivault_14, uniq_erolcha
D:14:     layout_rooms, corexii_hall_statues_deadend
D:15:     gammafunk_enter_depths_forms, layout_basic, ashenzari_altar_1,
          corexii_checkpoint, serial_library_hellmonk_room_b,
          amcnicky_mini_rare_corridor_liquid, nicolae_qazlal_style_of_elements
Temple:   chequers_temple_sunken

Skill      XL: |  1  2  3  4  5  6  7  8  9 10 11 |
---------------+----------------------------------+-----
Axes           | 3 4 5 7 8 10 | 10.9
Fighting       | 4 5 6 7 8 9 10 | 10.3
Armour         | 4 5 6 7 8 9 |  9.4
Stealth        | 1 2 3 4 5 6 7 |  7.3
Shields        | 4 5 6 7 8 9 |  9.4

Action                     |  1- 3 |  4- 6 |  7- 9 | 10-12 || total
---------------------------+-------+-------+-------+-------++-------
  Melee: War axe           |    86 |   176 |   194 |   210 ||   666
  Evoke: Wand              |       |       |       |     6 ||     6
    Use: Scroll            |     3 |     4 |     8 |     5 ||    20
         Potion            |       |       |       |     7 ||     7
   Stab: Invisible         |       |       |       |     9 ||     9
 Armour: Scale mail        |    66 |       |       |       ||    66
         Chain mail        |       |   142 |   162 |   169 ||   473
  Dodge: Dodged            |    57 |    70 |    59 |   143 ||   329
  Block: Buckler           |    20 |    46 |    24 |       ||    90
         Kite shield       |       |       |    64 |   153 ||   217

Table legend: (Time is in decaauts)
 A = Elapsed time spent in this place.
 B = Non-inter-level travel time spent in this place.
 C = Inter-level travel time spent in this place.
 D = Time resting spent in this place.
 E = Time spent auto-exploring this place.
 F = Levels seen in this place.
 G = Mean time per level.
                   A        B        C        D        E       F      G
               +--------+--------+--------+--------+--------+-----+--------+
         Total |   8358 |   7977 |    381 |    574 |   5175 |  17 |  491.6 |
       Dungeon |   7936 |   7581 |    355 |    574 |   4941 |  15 |  529.1 |
        Temple |     59 |     33 |     26 |      0 |      0 |   1 |   59.0 |
         Sewer |    362 |    362 |      0 |      0 |    233 |   1 |  362.0 |
               +--------+--------+--------+--------+--------+-----+--------+

Top non-repeatable levels by time:
     D:5: 1226 daAuts
     D:7: 1094 daAuts
     D:6: 1078 daAuts
     D:3: 867 daAuts
     D:1: 769 daAuts
     D:4: 639 daAuts
     D:2: 587 daAuts
     D:8: 463 daAuts
    D:14: 443 daAuts
   Sewer: 362 daAuts
    D:12: 283 daAuts
     D:9: 147 daAuts
    D:10: 126 daAuts
    D:13: 109 daAuts
  Temple: 59 daAuts
